 Dungeon Crawl Stone Soup version 0.27-a0-1101-ge311f74bc8 (webtiles) character file.

Game seed: 6926231651565485377

84 Lanoc the Grave Robber (level 4, -1/42 HPs)
             Began as a Troll Necromancer on Apr 28, 2021.
             Was a Follower of Trog (penitent).
             Slain by a polar bear (3 damage)
             ... created by the rage of Trog
             ... on level 3 of the Dungeon.
             The game lasted 00:02:26 (1481 turns).

Lanoc the Grave Robber (Troll Necromancer)          Turns: 1481, Time: 00:02:27

Health: -1/42      AC:  4    Str: 16    XL:     4   Next: 24%
Magic:  4/4        EV: 10    Int: 11    God:    Trog [*]
Gold:   102        SH:  0    Dex: 11    Spells: 4/5 levels left

rFire    . . .     SeeInvis .   (no weapon)
rCold    . . .     Faith    .   (no shield)
rNeg     . . .     Spirit   .   a - +0 robe
rPois    .         Reflect  .   (helmet restricted)
rElec    .         Harm     .   (no cloak)
rCorr    .         Rampage  .   (gloves unavailable)
Will     .....                  (boots unavailable)
Stlth    +.........             (no amulet)
HPRegen  1.14/turn              (no ring)
MPRegen  0.09/turn              (no ring)

@: slowed, very slow
A: large, unfitting armour, claws 3, regeneration 1, shaggy fur 1, tough skin 1
a: Renounce Religion


You were on level 3 of the Dungeon.
You worshipped Trog.
Trog was demanding penance.
You visited 1 branch of the dungeon, and saw 3 of its levels.

You collected 102 gold pieces.

Inventory:

Hand Weapons
 e - a +0 double sword
Armour
 a - a +0 robe (worn)
Scrolls
 b - a scroll of enchant weapon {unknown}
 c - 2 scrolls of enchant armour {unknown}
 f - a scroll of identify {unknown}
 g - a scroll of vulnerability {unknown}
 h - a scroll of silence {unknown}
Potions
 d - a potion of heal wounds {unknown}


   Skills:
 + Level 1.7 Fighting
 + Level 2.5 Dodging
 - Level 1.0 Stealth
 - Level 1.2 Spellcasting
 - Level 3.7 Necromancy


You had 4 spell levels left.
You knew the following spells:

 Your Spells              Type           Power      Damage    Failure   Level
a - Pain                  Necr           36%        1d5       7%          1

Your spell library contained the following spells:

 Spells                   Type           Power      Damage    Failure   Level
 Animate Skeleton         Necr           18%        N/A       7%          1
 Vampiric Draining        Necr           4%         2d6       21%         3
 Animate Dead             Necr           4%         N/A       54%         4
 Agony                    Necr           9%         N/A       88%         5


Dungeon Overview and Level Annotations

Branches:
Dungeon (3/15)

Altars:
Trog

Shops:
D:2 [


Innate Abilities, Weirdness & Mutations

You are too large for most types of armour.
You have claws for hands.
Your natural rate of healing is unusually fast.
You are covered in fur. (AC +1)
You have tough skin. (AC +1)


Message History

The bat hits you but does no damage. The bat completely misses you.
You claw the bat!
You kill the bat!
Trog accepts your kill.
No target in view!
Things that are here:
a +0 dagger of speed; 2 stones You now have 89 gold pieces (gained 12).
You now have 102 gold pieces (gained 13).
An endoplasm comes into view.
The helpless endoplasm fails to defend itself.
You claw the endoplasm!
You kill the endoplasm!
Trog accepts your kill.
No target in view!
Trog sends monsters to punish you.
The divine experience drains your vigour!
You feel yourself slow down.
A polar bear and 3 black bears come into view.
You claw the black bear!
The black bear is moderately wounded.
You claw the black bear!
The black bear is moderately wounded.
The black bear closely misses you. The black bear barely misses you.
The black bear claws you.
The black bear rages.
The black bear bites you! The black bear completely misses you.
The black bear claws you.
You closely miss the black bear.
The black bear is moderately wounded.
The polar bear closely misses you. The polar bear claws you.
The polar bear barely misses you.
The black bear bites you but does no damage.
The black bear barely misses you. The black bear claws you.
The polar bear bites you!
* * * LOW HITPOINT WARNING * * *
The polar bear claws you!
* * * LOW HITPOINT WARNING * * *
The polar bear claws you.
You die...

.### #.######## ##.<...##
...## #.# #
########.......#
###.######.#
.#...............# #
#.)...##.#
#.########.......#
###........# #.# ##.....##
...#.##.#### #.# ##...##
#.##.##.# #h# ##.##
#.##.##.# #h# #.# #.##.##.#
#@# #.# #.##.##.# #h# #.#
#.##.##.# #h# ###### #.#
#.#..##.########.#
#....###.#
#.#.###..........#
#.....##.# ....#
###############.....##.####
....# ......8..8##.≈≈≈≈
....##### ###.##8..8≈≈≈≈≈≈≈
....≈≈≈≈##. #.##≈..≈≈≈≈≈≈≈≈


You could see a polar bear (berserk) and 3 black bears.

Vanquished Creatures
  A gnoll (D:1)
  2 adders
  An ufetubus (D:3)
  A worm (D:2)
  5 ball pythons
  8 endoplasms
  3 giant cockroaches
  4 goblins
  3 hobgoblins (D:1)
  A jackal (D:2)
  7 kobolds
  A quokka (D:1)
  2 bats
  4 frilled lizards
  4 rats
47 creatures vanquished.

Notes
Turn   | Place    | Note
-------+----------+-------------------------------------------
     0 | D:1      | Lanoc the Troll Necromancer began the quest for the Orb.
     0 | D:1      | Reached XP level 1. HP: 16/16 MP: 1/1
   134 | D:1      | Reached XP level 2. HP: 26/26 MP: 0/2
   257 | D:1      | Reached XP level 3. HP: 28/32 MP: 3/3
   262 | D:1      | Reached skill level 1 in Fighting
   705 | D:2      | Found a faded altar of an unknown god.
   762 | D:2      | Became a worshipper of Trog the Wrathful
   762 | D:2      | Reached * piety under Trog
  1020 | D:2      | Found Toqecet's Antique Armour Boutique.
  1266 | D:3      | Reached XP level 4. HP: 26/41 MP: 4/4
  1266 | D:3      | Was placed under penance by Trog
  1479 | D:3      | Noticed a polar bear
  1479 | D:3      | Noticed a black bear
  1479 | D:3      | Noticed a black bear
  1479 | D:3      | Noticed a black bear
  1481 | D:3      | HP: 2/42 [polar bear[the rage of Trog] (7)]
  1481 | D:3      | Slain by a polar bear

Illustrated notes

Levels and vault maps discovered:
D:1:      ncdulo_halloftheorcs, layout_rooms
D:2:      layout_loops_cross, ebering_ecumenical_altar_abandoned, serial_shops,
          shop, st_stairs_3, minmay_misc_feat_roman
D:3:      wander_river, layout_loops_ring, zin_academy

Skill      XL: |  1  2  3 |
---------------+----------+-----
Dodging        | 2 |  2.5
Fighting       | 1 |  1.7
Stealth        | |  1.0
Spellcasting   | |  1.2
Necromancy     | |  3.7

Action                   |  1- 3 |  4- 6 || total
-------------------------+-------+-------++-------
Melee: Unarmed           |   114 |    21 ||   135
 Cast: Pain              |     5 |     1 ||     6
 Stab: Sleeping          |     1 |     1 ||     2
       Distracted        |     1 |       ||     1
Armor: Robe              |    32 |     8 ||    40
Dodge: Dodged            |    57 |    24 ||    81

Table legend: (Time is in decaauts)
 A = Elapsed time spent in this place.
 B = Non-inter-level travel time spent in this place.
 C = Inter-level travel time spent in this place.
 D = Time resting spent in this place.
 E = Time spent auto-exploring this place.
 F = Levels seen in this place.
 G = Mean time per level.
                   A        B        C        D        E       F      G
               +--------+--------+--------+--------+--------+-----+--------+
         Total |   1484 |   1404 |     80 |      0 |   1111 |   3 |  494.7 |
       Dungeon |   1484 |   1404 |     80 |      0 |   1111 |   3 |  494.7 |
               +--------+--------+--------+--------+--------+-----+--------+

Top non-repeatable levels by time:
     D:2: 623 daAuts
     D:1: 585 daAuts
     D:3: 275 daAuts
